AoeStats
← xr0015

Arabia

508738534Analyzed
1v1 RM · 8d ago on Sep 23, 2026· 43m 47s· 2 players
Game mode
Random Map
Map size
Tiny (2 player)
Population
200
Speed
Normal
Resources
Standard
Victory
Conquest
Starting age
Dark Age
Ending age
Imperial Age
RankedLock teamsTeams togetherTeam positionsShared explorationLock speedFull tech treeHidden civsTurbo modeCheats
Victory
Defeat
🇧🇷 Romans · Brazil
924
+17
🇫🇷 Wei · France
947
-17
xr0015
10:10 Feudal Age
8:47 Loom
12:23 Horse Collar
13:47 Man-at-Arms
14:31 Scale Mail Armor
18:11 Gold Mining
21:04 Castle Age
19:09 Fletching
19:23 Stone Mining
19:53 Gold Mining
21:07 Long Swordsman
22:04 Chain Mail Armor
22:39 Pikeman
25:19 Scale Barding Armor
29:16 Imperial Age
31:09 Halberdier
33:58 Forging
33:57 Town Watch
34:49 Wheelbarrow
34:31 Elite Skirmisher
35:58 Capped Ram
37:55 Legionary
41:05 Padded Archer Armor
43:22 Squires
44:23 Chain Barding Armor
44:42 Iron Casting
Dan
7:08 Loom
7:13 Loom
9:25 Feudal Age
8:34 Loom
10:01 Double-Bit Axe
10:05 Horse Collar
14:01 Wheelbarrow
13:40 Gold Mining
15:50 Stone Mining
22:19 Castle Age
24:26 Hand Cart
24:12 Heavy Plow
25:06 Scale Barding Armor
27:42 Chain Barding Armor
28:49 Forging
34:29 Imperial Age
34:09 Tuntian
34:36 Bloodlines
34:26 Husbandry
36:26 Gold Shaft Mining
36:24 Crop Rotation
36:07 Bow Saw
36:48 Elite Tiger Cavalry
39:25 Ming Guang Armor
40:16 Crossbowman
41:01 Thumb Ring
43:13 Iron Casting
43:49 Thumb Ring
Connection lost

Rejoining the realm…

Still unreachable

The connection could not be restored.

Session expired

The server has moved on; the page needs a fresh start.